[Event "28th CRO-chT 1B-Men 2019"]
[Site "Mali Losinj"]
[Date "2019.10.03"]
[Round "6.22"]
[White "Bosnjak, Petar"]
[Black "Bukal, Vladimir Jr."]
[Result "1/2-1/2"]
[ECO "C03"]
[WhiteElo "2265"]
[BlackElo "2390"]
[Annotator "NA"]
[PlyCount "124"]
[EventDate "2019.09.28"]
[EventType "team-tourn"]
[EventCountry "CRO"]
[SourceTitle "playchess.com"]
[Source "ChessBase"]
[SourceQuality "1"]
[TimeControl "40/5400+30:1800+30"]

1. e4 e6 2. d4 d5 3. Nd2 h6 4. Ngf3 Nf6 5. e5 Nfd7 6. Bd3 c5 7. c3 Nc6 8. a3 cxd4 9. cxd4 Qb6 10. O-O a5 11. Qa4 Be7 12. Re1 g5 13. h3 h5 14. g4 hxg4 15. hxg4 Qd8 16. Nf1 Nb6 17. Qd1 a4 18. Ng3 Na5 19. Kg2 Nb3 20. Rb1 Kd7 21. Qc2 Ra5 22. Be3 Nc4 23. Rh1 b6 24. Rxh8 Qxh8 25. Nf1 Ba6 26. N1d2 Nbxd2 27. Bxd2 Nxd2 28. Qxd2 Bxd3 29. Qxd3 Qc8 30. Qh7 Qf8 31. Rc1 Ra7 32. Qd3 Qb8 33. Qb5+ Kd8 34. Rh1 Kc7 35. Rc1+ Kd8 36. Rh1 Kc7 37. Qd3 Qe8 38. Rh5 Qg8 39. Qd2 Kb8 40. Nxg5 Rc7 41. Qf4 Bd8 42. Kg3 Kb7 43. Qd2 Qg6 44. Nf3 Rc2 45. Qb4 f5 46. exf6 Bc7+ 47. Re5 Qxf6 48. Qxa4 Bxe5+ 49. dxe5 Qg6 50. Qd7+ Rc7 51. Qd6 Rc4 52. Qe7+ Ka6 53. Qg5 Qe4 54. Nd2 Qd3+ 55. Qe3 Qxe3+ 56. fxe3 Rc8 57. Nf3 Kb5 58. b3 Kc6 59. Nd4+ Kd7 60. Kf3 Rc3 61. a4 Ke7 62. Ke2 Rc1 1/2-1/2

[Event "28th CRO-chT 1B-Men 2019"]
[Site "Mali Losinj"]
[Date "2019.10.04"]
[Round "7.1"]
[White "Brkic, Ante"]
[Black "Sedlak, Nikola"]
[Result "1/2-1/2"]
[ECO "C79"]
[WhiteElo "2600"]
[BlackElo "2557"]
[Annotator "ChessBase"]
[PlyCount "101"]
[EventDate "2019.09.28"]
[EventType "team-tourn"]
[EventCountry "CRO"]
[SourceTitle "playchess.com"]
[Source "ChessBase"]
[SourceQuality "1"]
[TimeControl "40/5400+30:1800+30"]

1. e4 e5 2. Nf3 Nc6 3. Bb5 a6 4. Ba4 d6 5. O-O Bd7 6. c3 g6 7. d4 Bg7 8. Re1 Nf6 9. h3 O-O 10. Bc2 Nh5 11. Be3 Qe8 12. Nbd2 Kh8 13. Nb3 a5 14. dxe5 a4 15. Nbd2 Nxe5 16. a3 f5 17. exf5 gxf5 18. Nxe5 dxe5 19. f4 Bc6 20. fxe5 Rd8 21. Qe2 f4 22. Bd4 f3 23. Qd3 f2+ 24. Kh2 Qg6 25. Qxg6 hxg6 26. Red1 Bb5 27. Nf3 Be2 28. Bxf2 Bxd1 29. Rxd1 Rxd1 30. Bxd1 Bxe5+ 31. Kg1 Bf4 32. Bxa4 Bc1 33. Bc5 Rd8 34. Bc2 Bxb2 35. Bd4+ Kg8 36. Be5 Kf7 37. Bxc7 Rc8 38. Be5 Bxc3 39. Be4 Bxe5 40. Nxe5+ Ke6 41. Nxg6 Kf6 42. Kf2 Rc3 43. g4 Ng3 44. Bxb7 Kxg6 45. Bf3 Nf1 46. Be4+ Kg5 47. Kxf1 Rxh3 48. Bf5 Rxa3 49. Ke2 Rg3 50. Kd2 Rxg4 51. Bxg4 1/2-1/2

[Event "28th CRO-chT 1B-Men 2019"]
[Site "Mali Losinj"]
[Date "2019.10.04"]
[Round "7.2"]
[White "Nikcevic, Nebojsa"]
[Black "Kadric, Denis"]
[Result "0-1"]
[ECO "E94"]
[WhiteElo "2415"]
[BlackElo "2577"]
[Annotator "ChessBase"]
[PlyCount "80"]
[EventDate "2019.09.28"]
[EventType "team-tourn"]
[EventCountry "CRO"]
[SourceTitle "playchess.com"]
[Source "ChessBase"]
[SourceQuality "1"]
[TimeControl "40/5400+30:1800+30"]

1. d4 d6 2. Nf3 g6 3. c4 Bg7 4. Nc3 Nd7 5. e4 e5 6. Be2 Ngf6 7. dxe5 dxe5 8. O-O O-O 9. Qc2 c6 10. Be3 Qe7 11. Rfd1 Ng4 12. Bg5 f6 13. Bd2 f5 14. exf5 gxf5 15. h3 e4 16. hxg4 exf3 17. Bxf3 Ne5 18. g5 Nxf3+ 19. gxf3 f4 20. Ne4 Bf5 21. Re1 Bxe4 22. Qxe4 Qxg5+ 23. Kf1 Qh5 24. Qe6+ Kh8 25. Qg4 Qh1+ 26. Ke2 Qh2 27. Rg1 Rae8+ 28. Kf1 Bxb2 29. Re1 Rd8 30. Rg2 Qh6 31. Re6 Rf6 32. Rxf6 Qxf6 33. Bxf4 Rf8 34. Be3 Qxf3 35. Qxf3 Rxf3 36. Bxa7 Ra3 37. f4 Bf6 38. Bb8 Rc3 39. Be5 Bxe5 40. fxe5 Rc1+ 0-1

[Event "28th CRO-chT 1B-Men 2019"]
[Site "Mali Losinj"]
[Date "2019.10.04"]
[Round "7.3"]
[White "Stojanovski, Dejan"]
[Black "Matkovic, Tonci"]
[Result "1-0"]
[ECO "C77"]
[WhiteElo "2428"]
[BlackElo "2281"]
[Annotator "NA"]
[PlyCount "137"]
[EventDate "2019.09.28"]
[EventType "team-tourn"]
[EventCountry "CRO"]
[SourceTitle "playchess.com"]
[Source "ChessBase"]
[SourceQuality "1"]
[TimeControl "40/5400+30:1800+30"]

1. e4 e5 2. Nf3 Nc6 3. Bb5 a6 4. Ba4 Nf6 5. Nc3 b5 6. Bb3 Be7 7. d3 d6 8. a3 Be6 9. Nd5 Bxd5 10. exd5 Nd4 11. Nxd4 exd4 12. O-O O-O 13. c3 dxc3 14. bxc3 Re8 15. d4 Qd7 16. Qd3 Qg4 17. f3 Qd7 18. a4 c6 19. dxc6 Qxc6 20. Re1 Bf8 21. Bd2 Rxe1+ 22. Bxe1 Re8 23. Bd2 h6 24. axb5 axb5 25. Ra5 Rb8 26. Ra7 d5 27. Bf4 Ra8 28. Rxa8 Qxa8 29. Be5 Nd7 30. Bc7 Qa1+ 31. Kf2 Qb2+ 32. Qc2 Qxc2+ 33. Bxc2 b4 34. cxb4 Bxb4 35. Bb3 Bc3 36. Ke3 Nf6 37. g4 Bb2 38. h4 g5 39. h5 Ba3 40. Bd8 Kg7 41. Kd3 Bd6 42. Kc3 Ba3 43. Ba2 Bd6 44. Kc2 Bf8 45. Kb3 Ng8 46. Ka4 Be7 47. Bb6 f5 48. Bxd5 Nf6 49. Be6 fxg4 50. fxg4 Ne4 51. Kb5 Kf6 52. Bd7 Bd6 53. Kc6 Bf4 54. Bd8+ Kf7 55. d5 Be5 56. Bf5 Nd6 57. Bg6+ Kf8 58. Kd7 Nc4 59. Ke6 Bd6 60. Bf6 Bc5 61. Bf5 Nb6 62. d6 Be3 63. d7 Nxd7 64. Kxd7 Bd2 65. Bd4 Kf7 66. Bd3 Bb4 67. Bc4+ Kf8 68. Ke6 Kg8 69. Kf6+ 1-0

[Event "28th CRO-chT 1B-Men 2019"]
[Site "Mali Losinj"]
[Date "2019.10.04"]
[Round "7.4"]
[White "Vlaic, Branko"]
[Black "Bosnjak, Petar"]
[Result "0-1"]
[ECO "D02"]
[WhiteElo "2270"]
[BlackElo "2265"]
[Annotator "NA"]
[PlyCount "128"]
[EventDate "2019.09.28"]
[EventType "team-tourn"]
[EventCountry "CRO"]
[SourceTitle "playchess.com"]
[Source "ChessBase"]
[SourceQuality "1"]
[TimeControl "40/5400+30:1800+30"]

1. d4 Nf6 2. Nf3 d5 3. Bf4 c5 4. e3 Nc6 5. Nbd2 e6 6. c3 cxd4 7. exd4 Nh5 8. Be3 Bd6 9. Ne5 g6 10. Nd3 f6 11. f4 Qe7 12. Nf3 Qc7 13. g3 Bd7 14. Bg2 O-O 15. O-O Na5 16. a4 b6 17. Re1 Rac8 18. Bf2 Rce8 19. Re2 Bc8 20. Nb4 Nc4 21. Be1 Be7 22. Rc1 a5 23. Nd3 Nd6 24. Bh3 f5 25. Nfe5 Nf6 26. Bf2 Rd8 27. Be3 Nc4 28. Nxc4 dxc4 29. Ne5 Bd6 30. Qe1 Bb7 31. Ra1 Ba8 32. Bc1 Bxe5 33. dxe5 Ne4 34. Be3 Rd7 35. Bg2 Rfd8 36. Bxe4 Bxe4 37. Bd4 Ba8 38. h4 Qc6 39. Rh2 Rb8 40. Qe2 Qd5 41. Ra2 b5 42. axb5 Qxb5 43. Qc2 Rbd8 44. Qa4 Qd5 45. Qd1 Bc6 46. Qe2 h6 47. Ra1 a4 48. Kf2 Rb7 49. Ra2 Rdb8 50. h5 g5 51. fxg5 hxg5 52. h6 Kh7 53. Kg1 Rg8 54. g4 Rf7 55. Ra1 fxg4 56. Qxg4 Rf4 57. Qg2 Qxg2+ 58. Rxg2 Bxg2 59. Kxg2 Ra8 60. Rh1 Rh4 61. Rf1 Rg4+ 62. Kh3 Rf4 63. Rg1 Kxh6 64. Be3 Rf3+ 0-1

[Event "28th CRO-chT 1B-Men 2019"]
[Site "Mali Losinj"]
[Date "2019.10.04"]
[Round "7.5"]
[White "Pucovski, Miroslav"]
[Black "Malenica, Mario"]
[Result "1/2-1/2"]
[ECO "B07"]
[WhiteElo "2238"]
[BlackElo "2221"]
[Annotator "NA"]
[PlyCount "38"]
[EventDate "2019.09.28"]
[EventType "team-tourn"]
[EventCountry "CRO"]
[SourceTitle "playchess.com"]
[Source "ChessBase"]
[SourceQuality "1"]
[TimeControl "40/5400+30:1800+30"]

1. e4 d6 2. d4 Nf6 3. Bd3 g6 4. c3 Bg7 5. Nf3 O-O 6. O-O c5 7. h3 Nfd7 8. d5 Nf6 9. Re1 e5 10. dxe6 Bxe6 11. Ng5 Bc8 12. Bc4 Nc6 13. Bf4 Na5 14. Bf1 h6 15. Nf3 d5 16. exd5 Nxd5 17. Be5 Be6 18. Nbd2 b6 19. Nc4 Nc6 1/2-1/2

[Event "28th CRO-chT 1B-Men 2019"]
[Site "Mali Losinj"]
[Date "2019.10.04"]
[Round "7.6"]
[White "Grgurevic, Boris"]
[Black "Bubalovic, Davorin"]
[Result "0-1"]
[ECO "B20"]
[WhiteElo "2177"]
[BlackElo "2212"]
[Annotator "NA"]
[PlyCount "78"]
[EventDate "2019.09.28"]
[EventType "team-tourn"]
[EventCountry "CRO"]
[SourceTitle "playchess.com"]
[Source "ChessBase"]
[SourceQuality "1"]
[TimeControl "40/5400+30:1800+30"]

1. e4 c5 2. b3 Nc6 3. Nc3 g6 4. Bb2 e5 5. Nf3 Bg7 6. Bc4 d6 7. O-O Nf6 8. Re1 O-O 9. Nd5 Be6 10. Nxf6+ Qxf6 11. Bxe6 Qxe6 12. Qe2 Rfe8 13. c3 d5 14. d3 d4 15. c4 a5 16. Bc1 Bf6 17. Bd2 Reb8 18. Reb1 b5 19. cxb5 Rxb5 20. Be1 a4 21. Nd2 Bg5 22. Nc4 axb3 23. a4 Rbb8 24. Qd1 b2 25. Rxb2 Rxb2 26. Nxb2 f5 27. f3 Be3+ 28. Kh1 fxe4 29. fxe4 Rf8 30. Bd2 Rf2 31. Nc4 Bxd2 32. Nxd2 Nb4 33. Nc4 Nc2 34. Rc1 Ne3 35. Nxe3 dxe3 36. Qe1 Qg4 37. Qg1 Qf4 38. a5 e2 39. a6 Qxc1 0-1

[Event "28th CRO-chT 1B-Men 2019"]
[Site "Mali Losinj"]
[Date "2019.10.04"]
[Round "7.7"]
[White "Ruck, Robert"]
[Black "Lenic, Luka"]
[Result "1/2-1/2"]
[ECO "D41"]
[WhiteElo "2530"]
[BlackElo "2644"]
[Annotator "ChessBase"]
[PlyCount "68"]
[EventDate "2019.09.28"]
[EventType "team-tourn"]
[EventCountry "CRO"]
[SourceTitle "playchess.com"]
[Source "ChessBase"]
[SourceQuality "1"]
[TimeControl "40/5400+30:1800+30"]

1. Nf3 Nf6 2. c4 c5 3. Nc3 d5 4. cxd5 Nxd5 5. d4 e6 6. g3 cxd4 7. Nxd5 Qxd5 8. Qxd4 Qb5 9. e4 Qb4+ 10. Bd2 Nc6 11. Qxb4 Bxb4 12. Bb5 Bd7 13. Rc1 Bxd2+ 14. Kxd2 Ke7 15. Rc5 f6 16. Bxc6 Bxc6 17. Nd4 Bd7 18. Rc7 Rab8 19. Rhc1 Rhc8 20. Ke3 Rxc7 21. Rxc7 e5 22. Ne2 Kd6 23. Rc1 Bc6 24. Nc3 g6 25. Rd1+ Ke6 26. f3 Rc8 27. Rd2 h5 28. Rd1 f5 29. h4 Rf8 30. Rd2 Rg8 31. Rd1 Rc8 32. Rd2 Bd7 33. Rd1 Rc4 34. Rd2 Rc8 1/2-1/2

[Event "28th CRO-chT 1B-Men 2019"]
[Site "Mali Losinj"]
[Date "2019.10.04"]
[Round "7.8"]
[White "Postny, Evgeny"]
[Black "Horvath, Adam"]
[Result "1-0"]
[ECO "E11"]
[WhiteElo "2597"]
[BlackElo "2489"]
[Annotator "ChessBase"]
[PlyCount "139"]
[EventDate "2019.09.28"]
[EventType "team-tourn"]
[EventCountry "CRO"]
[SourceTitle "playchess.com"]
[Source "ChessBase"]
[SourceQuality "1"]
[TimeControl "40/5400+30:1800+30"]

1. d4 Nf6 2. Nf3 e6 3. c4 Bb4+ 4. Nbd2 O-O 5. a3 Be7 6. e4 d6 7. Be2 Nfd7 8. b3 e5 9. d5 a5 10. O-O Nc5 11. Ne1 Bg5 12. Bd3 c6 13. Bc2 Bd7 14. Nef3 Bh6 15. Bb2 Bg4 16. h3 Bh5 17. Qb1 Nca6 18. Bc3 c5 19. Bd1 Bg6 20. Nh2 Nc7 21. Ndf3 Nd7 22. Ng4 Bg5 23. Nxg5 Qxg5 24. Bc2 b5 25. Qe1 b4 26. Bd2 Qd8 27. Ne3 Nf6 28. f3 Kh8 29. Kh2 Ng8 30. g3 h6 31. Qf2 Re8 32. a4 Na6 33. Rae1 Nb8 34. Qg2 Nf6 35. Nd1 Nh7 36. f4 f6 37. Nf2 Kg8 38. Bd1 Ra7 39. Bg4 Bf7 40. Nd1 Rae7 41. Ne3 g6 42. Be6 Bxe6 43. dxe6 Rxe6 44. f5 gxf5 45. exf5 R6e7 46. Nd5 Rf7 47. Bxh6 Kh8 48. g4 Rg8 49. Re3 Nc6 50. Rg3 Nd4 51. h4 Qd7 52. Rh1 Qe8 53. Qe4 Nf8 54. Kg2 Nd7 55. Kf2 Rh7 56. Bc1 Qf7 57. Ke1 Rgg7 58. Bd2 Qg8 59. Kf2 Qf7 60. Rhh3 Rg8 61. Ke1 Rgg7 62. Kd1 Rg8 63. Kc1 Rgg7 64. Kb2 Rg8 65. Be3 Rgg7 66. Bxd4 cxd4 67. g5 Nc5 68. Qg2 Qd7 69. Nxf6 Qxf5 70. Qa8+ 1-0

[Event "28th CRO-chT 1B-Men 2019"]
[Site "Mali Losinj"]
[Date "2019.10.04"]
[Round "7.9"]
[White "Dabo-Peranic, Robert"]
[Black "Jovanovic, Zoran"]
[Result "0-1"]
[ECO "C41"]
[WhiteElo "2323"]
[BlackElo "2507"]
[Annotator "ChessBase"]
[PlyCount "74"]
[EventDate "2019.09.28"]
[EventType "team-tourn"]
[EventCountry "CRO"]
[SourceTitle "playchess.com"]
[Source "ChessBase"]
[SourceQuality "1"]
[TimeControl "40/5400+30:1800+30"]

1. e4 d6 2. d4 Nf6 3. Nc3 e5 4. Nf3 Nbd7 5. Bc4 Be7 6. O-O O-O 7. a4 c6 8. Ba2 h6 9. Nh4 Re8 10. Ng6 exd4 11. Qxd4 Ne5 12. Nxe7+ Qxe7 13. Rd1 Bg4 14. Re1 Be6 15. Bxe6 Qxe6 16. Bf4 Nh5 17. Bg3 Nxg3 18. hxg3 a6 19. a5 Rad8 20. Qb4 Qe7 21. Rad1 h5 22. Re3 Rd7 23. Ne2 Ng4 24. Red3 d5 25. Qxe7 Rdxe7 26. Nc3 f5 27. Rd4 fxe4 28. Rb4 Rf7 29. Rf1 Ref8 30. f3 exf3 31. Rxf3 Rxf3 32. gxf3 Rxf3 33. Rxb7 Rxg3+ 34. Kh1 h4 35. Rb4 h3 36. Rf4 Kh7 37. Ne2 Rg2 0-1

[Event "28th CRO-chT 1B-Men 2019"]
[Site "Mali Losinj"]
[Date "2019.10.04"]
[Round "7.10"]
[White "Bukal, Vladimir Jr."]
[Black "Rubil, Marko"]
[Result "1-0"]
[ECO "A45"]
[WhiteElo "2390"]
[BlackElo "2290"]
[Annotator "NA"]
[PlyCount "81"]
[EventDate "2019.09.28"]
[EventType "team-tourn"]
[EventCountry "CRO"]
[SourceTitle "playchess.com"]
[Source "ChessBase"]
[SourceQuality "1"]
[TimeControl "40/5400+30:1800+30"]

1. d4 Nf6 2. Bf4 g6 3. Nc3 d5 4. e3 Bg7 5. h4 h6 6. Be2 c6 7. Nf3 Qb6 8. a3 Bf5 9. Qd2 Nbd7 10. O-O-O Ng4 11. Qe1 O-O 12. Nh2 Nxh2 13. Bxh2 e5 14. g4 Be6 15. f4 exd4 16. exd4 f5 17. h5 Rae8 18. g5 hxg5 19. hxg6 g4 20. Qh4 Rf6 21. Qh7+ Kf8 22. Bg3 Bg8 23. Qh5 c5 24. Bb5 Re3 25. Bxd7 cxd4 26. Nb5 Rxg3 27. Rhe1 Re3 28. Nxd4 Re4 29. Rxe4 dxe4 30. Bxf5 e3 31. Qxg4 Rd6 32. c3 Bc4 33. Bd3 Rxd4 34. Qf5+ Bf6 35. Qc8+ Kg7 36. Bxc4 Rxd1+ 37. Kxd1 Qd6+ 38. Kc2 Qxf4 39. Qg8+ Kh6 40. Qh7+ Kg5 41. g7 1-0

[Event "28th CRO-chT 1B-Men 2019"]
[Site "Mali Losinj"]
[Date "2019.10.04"]
[Round "7.11"]
[White "Martic, Zlatko"]
[Black "Ivekovic, Zvonimir"]
[Result "1/2-1/2"]
[ECO "B94"]
[WhiteElo "2299"]
[BlackElo "2405"]
[Annotator "NA"]
[PlyCount "122"]
[EventDate "2019.09.28"]
[EventType "team-tourn"]
[EventCountry "CRO"]
[SourceTitle "playchess.com"]
[Source "ChessBase"]
[SourceQuality "1"]
[TimeControl "40/5400+30:1800+30"]

1. e4 c5 2. Nf3 d6 3. d4 cxd4 4. Nxd4 Nf6 5. Nc3 a6 6. Bg5 Nbd7 7. f4 Qc7 8. Qe2 e5 9. Nf3 h6 10. Bxf6 Nxf6 11. Nd5 Nxd5 12. exd5 Qa5+ 13. c3 Qxd5 14. Rd1 Qxa2 15. fxe5 d5 16. Nd4 Bc5 17. g3 O-O 18. Bg2 Bd7 19. b4 Qxe2+ 20. Nxe2 Bb6 21. Bxd5 Rae8 22. Bxb7 Bb5 23. Bd5 Rxe5 24. c4 Rfe8 25. Rd2 Be3 26. Ra2 Rxd5 27. cxd5 Bc4 28. Rc2 Bxd5 29. Rf1 Bg2 30. Ra2 Bxf1 31. Kxf1 Re6 32. Nc3 Rd6 33. b5 Rd3 34. Rc2 Rd6 35. bxa6 Rxa6 36. Nd5 Bd4 37. Kg2 Ra5 38. Ne7+ Kf8 39. Nc6 Ra4 40. Nxd4 Rxd4 41. Kf3 h5 42. h4 Ke7 43. Rc5 g6 44. Ra5 Ke6 45. Ra6+ Ke5 46. Ra7 Rd3+ 47. Kf2 f6 48. Kg2 Ke4 49. Ra4+ Rd4 50. Ra2 Ke3 51. Ra6 Rd2+ 52. Kh3 Kf2 53. Kh2 Kf1+ 54. Kh3 Kg1 55. Ra1+ Kf2 56. Kh2 g5 57. hxg5 fxg5 58. Kh3 Rd3 59. Ra2+ Kf3 60. Ra5 g4+ 61. Kh4 Re3 1/2-1/2

[Event "28th CRO-chT 1B-Men 2019"]
[Site "Mali Losinj"]
[Date "2019.10.04"]
[Round "7.12"]
[White "Bozinovic, Bogdan"]
[Black "Matanovic, Luka"]
[Result "0-1"]
[ECO "D16"]
[WhiteElo "2212"]
[BlackElo "2245"]
[Annotator "NA"]
[PlyCount "76"]
[EventDate "2019.09.28"]
[EventType "team-tourn"]
[EventCountry "CRO"]
[SourceTitle "playchess.com"]
[Source "ChessBase"]
[SourceQuality "1"]
[TimeControl "40/5400+30:1800+30"]

1. d4 d5 2. c4 c6 3. Nf3 Nf6 4. Nc3 dxc4 5. a4 Na6 6. Ne5 Ng4 7. Nxc4 e5 8. Nxe5 Nxe5 9. dxe5 Qxd1+ 10. Kxd1 Be6 11. f3 O-O-O+ 12. Ke1 Nb4 13. Kf2 Bc5+ 14. Kg3 Nc2 15. Rb1 Bd4 16. e4 Bxc3 17. bxc3 Rd1 18. Kf2 Rhd8 19. g3 Kc7 20. Bg2 R8d2+ 21. Bxd2 Rxd2+ 22. Kg1 Ne3 23. Bf1 Bc4 24. Bh3 g5 25. Re1 Nc2 26. Rc1 h5 27. g4 h4 28. Bg2 Ne3 29. Bh3 a5 30. Re1 Nc2 31. Bf1 Nxe1 32. Bxc4 Nxf3+ 33. Kf1 Nxh2+ 34. Ke1 Nf3+ 35. Kf1 Rc2 36. Bxf7 Nxe5 37. Be6 Kd6 38. Bf5 Rc1+ 0-1

[Event "28th CRO-chT 1B-Men 2019"]
[Site "Mali Losinj"]
[Date "2019.10.04"]
[Round "7.13"]
[White "Medvegy, Zoltan"]
[Black "Djukic, Nikola"]
[Result "1/2-1/2"]
[ECO "A36"]
[WhiteElo "2539"]
[BlackElo "2517"]
[Annotator "ChessBase"]
[PlyCount "110"]
[EventDate "2019.09.28"]
[EventType "team-tourn"]
[EventCountry "CRO"]
[SourceTitle "playchess.com"]
[Source "ChessBase"]
[SourceQuality "1"]
[TimeControl "40/5400+30:1800+30"]

1. c4 c5 2. g3 Nc6 3. Bg2 g6 4. Nc3 Bg7 5. a3 d6 6. Rb1 a5 7. d3 e5 8. e3 Nge7 9. Nge2 O-O 10. O-O Rb8 11. Bd2 Bf5 12. e4 Bd7 13. Nb5 Be6 14. b4 axb4 15. axb4 cxb4 16. Bxb4 Nxb4 17. Rxb4 f5 18. exf5 gxf5 19. Nec3 d5 20. cxd5 Nxd5 21. Nxd5 Bxd5 22. Bxd5+ Qxd5 23. Nc3 Qf7 24. Qf3 Rfd8 25. Rb5 Qd7 26. Qd5+ Qf7 27. Qf3 Qd7 28. Qd5+ Qf7 29. Qxf7+ Kxf7 30. Nd5 Ke6 31. Ne3 f4 32. Rb6+ Kf7 33. Nf5 Rxd3 34. Nxg7 Kxg7 35. gxf4 exf4 36. Rfb1 Rd7 37. Kg2 Rf7 38. Kf3 Kf8 39. h4 Ke8 40. Kg4 f3 41. h5 Kd8 42. Kg5 Kc8 43. Rc1+ Kd7 44. Kh6 Kd8 45. Rd1+ Kc7 46. Rdb1 Rd7 47. R1b3 Rf7 48. R3b5 Kc8 49. Rc5+ Kd8 50. Rg5 Rc8 51. Rg7 Rcc7 52. Rg8+ Ke7 53. Rb8 Rf6+ 54. Rxf6 Kxf6 55. Rxb7 Rxb7 1/2-1/2

[Event "28th CRO-chT 1B-Men 2019"]
[Site "Mali Losinj"]
[Date "2019.10.04"]
[Round "7.14"]
[White "Bogut, Zeljko"]
[Black "Rezan, Sasa"]
[Result "1-0"]
[ECO "B40"]
[WhiteElo "2386"]
[BlackElo "2432"]
[Annotator "NA"]
[PlyCount "49"]
[EventDate "2019.09.28"]
[EventType "team-tourn"]
[EventCountry "CRO"]
[SourceTitle "playchess.com"]
[Source "ChessBase"]
[SourceQuality "1"]
[TimeControl "40/5400+30:1800+30"]

1. e4 c5 2. Nf3 e6 3. c4 Nc6 4. Nc3 Nd4 5. d3 Ne7 6. Nxd4 cxd4 7. Ne2 Nc6 8. a3 a5 9. g3 a4 10. Bg2 b5 11. e5 Ba6 12. O-O bxc4 13. dxc4 Bxc4 14. Nxd4 Nxd4 15. Qxd4 Bxf1 16. Bxa8 Qxa8 17. Kxf1 Qc6 18. Kg1 Bc5 19. Qg4 Qb6 20. Qxg7 Bxf2+ 21. Kg2 Rf8 22. Bh6 Bc5 23. Rc1 Qxb2+ 24. Kh3 Qe2 25. Qxf8+ 1-0

[Event "28th CRO-chT 1B-Men 2019"]
[Site "Mali Losinj"]
[Date "2019.10.04"]
[Round "7.15"]
[White "Bilobrk, Franjo"]
[Black "Galic, Ivan"]
[Result "0-1"]
[ECO "D58"]
[WhiteElo "2334"]
[BlackElo "2414"]
[Annotator "NA"]
[PlyCount "76"]
[EventDate "2019.09.28"]
[EventType "team-tourn"]
[EventCountry "CRO"]
[SourceTitle "playchess.com"]
[Source "ChessBase"]
[SourceQuality "1"]
[TimeControl "40/5400+30:1800+30"]

1. d4 Nf6 2. c4 e6 3. Nf3 d5 4. Bg5 Be7 5. Nc3 h6 6. Bh4 O-O 7. e3 b6 8. Bd3 Bb7 9. O-O Nbd7 10. Qe2 Ne4 11. Bg3 c5 12. Rfd1 cxd4 13. exd4 Nxg3 14. hxg3 dxc4 15. Bxc4 Nf6 16. Ne5 Bb4 17. Rac1 Rc8 18. Bb3 Qe7 19. Bc2 Kh8 20. Bg6 Kg8 21. Bb1 Rfd8 22. Qe3 Ba8 23. Kh2 Qb7 24. f3 Bf8 25. Ne4 Nd5 26. Qd3 g6 27. a3 Bg7 28. Qe2 Ne7 29. Nc3 Qb8 30. f4 Qb7 31. Be4 Qb8 32. Bb1 Qb7 33. Be4 Qb8 34. Bb1 Rc7 35. Ba2 Nf5 36. Nxf7 Rxf7 37. Qxe6 Qb7 38. Qxg6 Qxg2# 0-1

[Event "28th CRO-chT 1B-Men 2019"]
[Site "Mali Losinj"]
[Date "2019.10.04"]
[Round "7.16"]
[White "Bender, Ivan"]
[Black "Biliskov, Vjekoslav"]
[Result "1/2-1/2"]
[ECO "D27"]
[WhiteElo "2234"]
[BlackElo "2333"]
[Annotator "NA"]
[PlyCount "50"]
[EventDate "2019.09.28"]
[EventType "team-tourn"]
[EventCountry "CRO"]
[SourceTitle "playchess.com"]
[Source "ChessBase"]
[SourceQuality "1"]
[TimeControl "40/5400+30:1800+30"]

1. e4 c5 2. Nf3 a6 3. c3 d5 4. exd5 Qxd5 5. d4 Nf6 6. Be2 e6 7. O-O Nc6 8. Be3 cxd4 9. cxd4 Qd8 10. Nc3 Bd6 11. Bg5 Be7 12. Qd2 O-O 13. Rfd1 Nd5 14. Nxd5 exd5 15. Bxe7 Qxe7 16. Re1 Be6 17. a3 Rac8 18. Rac1 h6 19. Bf1 Qd6 20. Bd3 Rfe8 21. h3 Bd7 22. Bb1 Qf6 23. Rxe8+ Rxe8 24. Rc3 Bf5 25. Bxf5 Qxf5 1/2-1/2

[Event "28th CRO-chT 1B-Men 2019"]
[Site "Mali Losinj"]
[Date "2019.10.04"]
[Round "7.17"]
[White "Sinanovic, Muhamed"]
[Black "Levacic, Patrick"]
[Result "1/2-1/2"]
[ECO "A25"]
[WhiteElo "2312"]
[BlackElo "2245"]
[Annotator "NA"]
[PlyCount "125"]
[EventDate "2019.09.28"]
[EventType "team-tourn"]
[EventCountry "CRO"]
[SourceTitle "playchess.com"]
[Source "ChessBase"]
[SourceQuality "1"]
[TimeControl "40/5400+30:1800+30"]

1. g3 e5 2. c4 Nc6 3. Bg2 g6 4. Nc3 Bg7 5. e3 d6 6. Nge2 Be6 7. d3 Qd7 8. O-O Nge7 9. Nd5 O-O 10. Bd2 f5 11. f4 Nd8 12. Bc3 c6 13. Nxe7+ Qxe7 14. b3 Nf7 15. Qd2 Rfe8 16. Rae1 Rad8 17. e4 fxe4 18. dxe4 Qd7 19. Rd1 Bh3 20. f5 Bxg2 21. Kxg2 gxf5 22. Rxf5 Qe6 23. Qd3 Re7 24. Bb4 Red7 25. Nc3 b6 26. a4 Qg6 27. Ba3 Ng5 28. b4 Ne6 29. Bc1 Nd4 30. Rg5 Qe6 31. b5 cxb5 32. axb5 h6 33. Rf5 Nxf5 34. exf5 Qe8 35. Qe4 Qh5 36. Rf1 Rf8 37. Rf3 Bf6 38. g4 Rg7 39. h3 Qh4 40. Be3 h5 41. Rg3 hxg4 42. Rxg4 Qe1 43. Qd3 Rff7 44. Bf2 Qc1 45. Ne4 Qf4 46. Qf3 Qxf3+ 47. Kxf3 Be7 48. Ng3 Kf8 49. Ke4 Rh7 50. Kd5 Rxh3 51. Rg6 Bh4 52. Kxd6 Bxg3 53. Bxg3 Rxf5 54. Bxe5 Ke8 55. Re6+ Kd8 56. Bf6+ Kc8 57. Re8+ Kb7 58. Re7+ Kb8 59. Re8+ Kb7 60. Re7+ Kb8 61. Re8+ Kb7 62. Be5 Rh4 63. Re7+ 1/2-1/2

[Event "28th CRO-chT 1B-Men 2019"]
[Site "Mali Losinj"]
[Date "2019.10.04"]
[Round "7.18"]
[White "Brnas, Augustin"]
[Black "Zelic, Mladen"]
[Result "0-1"]
[ECO "C63"]
[WhiteElo "2200"]
[BlackElo "2209"]
[Annotator "NA"]
[PlyCount "60"]
[EventDate "2019.09.28"]
[EventType "team-tourn"]
[EventCountry "CRO"]
[SourceTitle "playchess.com"]
[Source "ChessBase"]
[SourceQuality "1"]
[TimeControl "40/5400+30:1800+30"]

1. e4 e5 2. Nf3 Nc6 3. Bb5 f5 4. d3 fxe4 5. dxe4 Nf6 6. O-O d6 7. Nc3 Be7 8. Qd3 O-O 9. Qc4+ Kh8 10. Ng5 Nd4 11. Qd3 Nh5 12. Nh3 c6 13. Bc4 b5 14. Bb3 Nf3+ 15. gxf3 Bxh3 16. Re1 Rf6 17. Ne2 Rg6+ 18. Kh1 Bg2+ 19. Kg1 Qd7 20. Bf7 Qh3 21. Ng3 Nf4 22. Bxf4 exf4 23. Bxg6 hxg6 24. Re2 Rf8 25. Rae1 d5 26. exd5 fxg3 27. fxg3 Bc5+ 28. Re3 Bxf3 29. Qf1 Qxf1+ 30. Kxf1 Bxd5+ 0-1

[Event "28th CRO-chT 1B-Men 2019"]
[Site "Mali Losinj"]
[Date "2019.10.04"]
[Round "7.19"]
[White "Nagy, Gabor"]
[Black "Ivic, Velimir"]
[Result "0-1"]
[ECO "E62"]
[WhiteElo "2476"]
[BlackElo "2525"]
[Annotator "ChessBase"]
[PlyCount "56"]
[EventDate "2019.09.28"]
[EventType "team-tourn"]
[EventCountry "CRO"]
[SourceTitle "playchess.com"]
[Source "ChessBase"]
[SourceQuality "1"]
[TimeControl "40/5400+30:1800+30"]

1. d4 Nf6 2. Nf3 g6 3. g3 Bg7 4. c4 O-O 5. Bg2 d6 6. Nc3 Nc6 7. O-O e5 8. dxe5 dxe5 9. Bg5 Be6 10. Qa4 Qc8 11. Bxf6 Bxf6 12. Rad1 Bg7 13. Ng5 Bd7 14. e3 Kh8 15. Nge4 f5 16. Nc5 Be8 17. Rd2 e4 18. Nd5 b6 19. Nxe4 fxe4 20. Bxe4 Ne5 21. Qd1 c6 22. Nf4 Nxc4 23. Rc2 Ne5 24. Qd6 Qd7 25. Rd1 Rd8 26. Rcd2 Qxd6 27. Rxd6 Rxd6 28. Rxd6 Bd7 0-1